Selects Advanced Infantry Battlegroup
Selects Convert to Ranger Squad
Construct Medical Station
Selects Frontline Medical Station
Frontline Medical Station
Selects Ammunition Storage
Construct Weapon Support Center
Selects M2A1 105mm Howitzer Emplacement
Improved M9 Bazooka Rockets
Selects 155mm Rapid Artillery Barrage
Selects Ranger Weapon Training
155mm Rapid Artillery Barrage
M3 Armored Personnel Carrier